AoeStats
← SeemsFishy

Black Forest

509941928Analyzed
4v4 RM · 3d ago on Sep 28, 2026· 42m 48s· 8 players
Game mode
Random Map
Map size
Large (8 player)
Population
200
Speed
Normal
Resources
Standard
Victory
Conquest
Starting age
Dark Age
Ending age
Imperial Age
RankedLock teamsTeams togetherTeam positionsShared explorationLock speedFull tech treeHidden civsTurbo modeCheats
Victory
Defeat
🇧🇷 Lithuanians · Brazil
1460
+16
🇦🇷 Britons · Argentina
1445
+17
🇦🇷 Turks · Argentina
1404
+18
🇬🇧 Slavs · United Kingdom
1397
+19
🇺🇸 Japanese · United States
1472
-18
🇦🇹 Persians · Austria
1469
-18
🇮🇳 Bohemians · India
1453
-17
🇨🇿 Koreans · Czechia
1446
-17
SeemsFishy
11:25 Feudal Age
15:53 Castle Age
14:37 Double-Bit Axe
14:37 Horse Collar
17:07 Bow Saw
17:00 Heavy Plow
19:42 Loom
20:42 Wheelbarrow
20:50 Wheelbarrow
20:00 Town Watch
20:54 Wheelbarrow
20:05 Town Watch
24:04 Gold Mining
24:05 Stone Mining
25:02 Hand Cart
25:22 Bloodlines
27:33 Gold Shaft Mining
27:10 Scale Barding Armor
27:16 Forging
28:22 Chain Barding Armor
31:34 Imperial Age
29:49 Iron Casting
29:20 Husbandry
30:14 Detinets
31:55 Fletching
31:37 Capped Ram
31:50 Cavalier
33:06 Plate Barding Armor
33:25 Bodkin Arrow
34:35 Pikeman
35:42 Scale Mail Armor
36:08 Squires
37:14 Blast Furnace
35:47 Halberdier
37:52 Chain Mail Armor
39:47 Plate Mail Armor
40:39 Conscription
40:52 Siege Ram
felixaleman1010
7:33 Loom
12:51 Feudal Age
12:02 Loom
13:30 Double-Bit Axe
16:43 Castle Age
15:37 Horse Collar
16:43 Stone Mining
16:51 Gold Mining
21:25 Bow Saw
22:50 Town Watch
28:24 Imperial Age
26:48 Padded Archer Armor
28:50 Scale Barding Armor
28:57 Forging
29:07 Leather Archer Armor
29:02 Scale Barding Armor
29:07 Forging
31:10 Conscription
34:48 Gold Shaft Mining
36:19 Squires
35:43 Elite Janissary
40:12 Wheelbarrow
40:32 Husbandry
39:53 Heavy Camel Rider
41:06 Chain Barding Armor
41:22 Iron Casting
41:01 Bloodlines
41:35 Bloodlines
MAGOYA
0:44 Loom
12:05 Feudal Age
13:36 Double-Bit Axe
16:43 Castle Age
16:08 Double-Bit Axe
22:08 Fletching
24:48 Horse Collar
26:39 Stone Mining
27:01 Bow Saw
27:36 Heavy Plow
28:33 Gold Mining
29:25 Wheelbarrow
33:54 Imperial Age
31:41 Forging
31:28 Bodkin Arrow
32:34 Gold Shaft Mining
34:50 Ballistics
34:41 Bracer
35:43 Chemistry
34:59 Crossbowman
36:05 Padded Archer Armor
37:22 Conscription
36:49 Arbalester
39:17 Elite Skirmisher
39:59 Padded Archer Armor
Mr Diniz
0:45 Loom
12:37 Feudal Age
16:26 Castle Age
14:50 Double-Bit Axe
16:13 Horse Collar
17:45 Bow Saw
23:41 Redemption
24:04 Gold Mining
27:25 Imperial Age
25:53 Sanctity
28:00 Wheelbarrow
28:29 Block Printing
28:41 Illumination
28:26 Fervor
29:18 Two-Man Saw
30:02 Hand Cart
31:36 Heavy Plow
31:50 Town Watch
31:56 Stone Mining
34:19 Caravan
34:50 Coinage
39:33 Stone Shaft Mining
38:46 Elite Leitis
39:47 Conscription
Rakosnik
1:13 Loom
11:49 Feudal Age
16:04 Castle Age
14:33 Stone Mining
15:30 Double-Bit Axe
18:15 Fletching
23:51 Bodkin Arrow
25:09 Bow Saw
30:31 Imperial Age
28:48 Gold Mining
33:46 Bracer
36:24 Eupseong
38:19 Ballistics
39:27 Chemistry
[DDocs] Haasal
6:47 Loom
11:50 Feudal Age
12:23 Double-Bit Axe
15:26 Castle Age
16:35 Bow Saw
17:59 Wheelbarrow
17:19 Horse Collar
21:54 Heavy Plow
23:26 Gold Mining
26:05 Scale Barding Armor
26:11 Forging
28:49 Imperial Age
26:34 Hand Cart
27:19 Bloodlines
27:10 Husbandry
27:32 Chain Barding Armor
28:31 Iron Casting
28:40 Cavalier
30:08 Plate Barding Armor
30:58 Two-Man Saw
31:40 Blast Furnace
31:29 Savar
32:29 Caravan
32:49 Light Cavalry
34:43 Hussar
42:05 Stone Mining
Sain
2:14 Loom
14:35 Feudal Age
18:14 Castle Age
16:23 Double-Bit Axe
16:48 Horse Collar
18:56 Fletching
21:10 Bodkin Arrow
25:33 Bow Saw
30:05 Bloodlines
34:17 Imperial Age
31:38 Treadmill Crane
32:57 Padded Archer Armor
34:21 Leather Archer Armor
35:23 Bracer
Vishu
5:43 Loom
12:36 Feudal Age
16:10 Castle Age
14:12 Double-Bit Axe
14:10 Horse Collar
23:32 Imperial Age
23:01 Chemistry
23:27 Bow Saw
27:01 Devotion
30:28 Wheelbarrow
31:37 Siege Engineers
32:31 Fletching
34:21 Caravan
34:48 Bodkin Arrow
34:49 Crossbowman
35:55 Ballistics
35:59 Bracer
37:33 Arbalester
38:54 Masonry
Connection lost

Rejoining the realm…

Still unreachable

The connection could not be restored.

Session expired

The server has moved on; the page needs a fresh start.